 Dungeon Crawl Stone Soup version 0.24-a0-290-gbb66a67 (webtiles) character file.

Game seed: 2463772072930068552

849 MisterFreud the Slasher (level 8, -10/54 HPs)
             Began as an Octopode Fighter on May 8, 2019.
             Was a Follower of Cheibriados.
             Mangled by Blork the orc
             ... wielding a +0 glaive
              (14 damage)
             ... on level 5 of the Dungeon.
             The game lasted 00:09:00 (4664 turns).

MisterFreud the Slasher (Octopode Fighter)          Turns: 4664, Time: 00:09:00

Health: -10/54     AC:  1    Str: 21    XL:     8   Next: 1%
Magic:  8/8        EV: 14    Int: 15    God:    Cheibriados [*.....]
Gold:   155        SH:  9    Dex: 13    Spells: 7/7 levels left

rFire    . . .     SeeInvis .   a - +0 long sword
rCold    + . .     Gourm    .   b - +0 shield
rNeg     . . .     Faith    .   (helmet restricted)
rPois    .         Spirit   .   m - amulet of the acrobat
rElec    .         Reflect  .   k - ring of protection from cold
rCorr    .         Harm     .   o - +4 ring of strength
MR       .....                  (no ring)
Stlth    ++........             (no ring)
HPRegen  0.18/turn              (no ring)
MPRegen  0.11/turn              (no ring)
                                (no ring)
                                (no ring)

@: very slow
A: almost no armour, stealthy swim, amphibious, 8 rings, constrict 8, camouflage
1, gelatinous body 1
a: Bend Time, Renounce Religion


You were on level 5 of the Dungeon.
You worshipped Cheibriados.
Cheibriados was aware of your devotion.
You were not hungry.

You visited 2 branches of the dungeon, and saw 6 of its levels.

You collected 155 gold pieces.

Inventory:

Hand Weapons
 a - a +0 long sword (weapon)
 r - a +4 spear
Missiles
 e - 85 stones (quivered)
 j - 22 sling bullets
 n - 23 arrows
 p - 18 bolts
 u - 2 throwing nets
Armour
 b - a +0 shield (worn)
Jewellery
 k - a ring of protection from cold (left tentacle)
 m - an amulet of the acrobat (around mantle)
 o - a +4 ring of strength (right tentacle)
Wands
 l - a wand of disintegration (13)
 s - a wand of acid (8)
Scrolls
 h - 2 scrolls of remove curse
Potions
 f - a potion of flight
 g - a potion of mutation
 i - a potion of brilliance
Comestibles
 c - 4 chunks of flesh
 d - 7 rations


   Skills:
 + Level 3.9 Fighting
 + Level 6.7 Long Blades
 - Level 6.0 Dodging
 - Level 3.0 Shields


You had 7 spell levels left.
You didn't know any spells.
Your spell library was empty.

Dungeon Overview and Level Annotations

Branches:
Dungeon (5/15)             Temple (1/1) D:4

Altars:
Ashenzari
Cheibriados
Dithmenos
Fedhas
Gozag
Hepliaklqana
Kikubaaqudgha
Nemelex Xobeh
Okawaru
Qazlal
Ru
Sif Muna
Uskayaw
Vehumet
Xom
Zin
The Shining One

Annotations:
D:5 Blork the orc


Innate Abilities, Weirdness & Mutations

You cannot wear most types of armour.
You are very stealthy in the water. (Stealth+)
You are amphibious.
You can wear up to eight rings at the same time.
You can use your tentacles to constrict eight enemies at once.
Your skin changes colour to match your surroundings (Stealth+).
Your rubbery body absorbs attacks. (AC +1, EV +1)


Message History

You block the puff of frost.
Unknown command.
You closely miss something. Your squeeze misses something.
You block something's attack.
Unknown command.
You barely miss something. Something hits you.
* * * LOW HITPOINT WARNING * * *
Unknown command.
You closely miss something. You squeeze something. Something hits you.
* * * LOW HITPOINT WARNING * * *
Something barely misses you.
Unknown command.
Okay, then.
Unknown command.
Evoke which item? (* to show all) (? for menu, Esc to quit)
Aiming: Corrosive Bolt
Press: ? - help, Shift-Dir - straight line The bolt of acid hits something!
The acid corrodes something!
Something hits you!
You die...

# # # # ###
..# . #.# ...
#.#
.....########
#'##
.......{@...#
...#
......#####.#
...# .....
#.# ...# ....
#####.# ...#
... #.....#
...# ..
#.##### ...#
. #.# #'##
#.# #.# #.#


There were no monsters in sight!

Vanquished Creatures
  Grinder (D:5)
  Duvessa (D:5)
  Dowan (D:5)
  A howler monkey (D:4)
  A crimson imp (D:4)
  A centaur skeleton (D:4)
  2 hounds
  2 worker ants (D:4)
  An iguana (D:4)
  An orc wizard (D:5)
  3 adders
  8 gnolls
  A howler monkey skeleton (D:5)
  An adder skeleton (D:4)
  4 worms
  A dart slug (D:1)
  2 leopard geckos
  18 orcs
  2 ball pythons
  5 giant cockroaches
  8 goblins
  3 hobgoblins
  9 jackals
  9 kobolds
  5 quokkas
  A ball python skeleton (D:4)
  10 bats
  4 frilled lizards
  A jackal zombie (D:5)
  12 rats
119 creatures vanquished.

Notes
Turn   | Place    | Note
-------+----------+-------------------------------------------
     0 | D:1      | MisterFreud the Octopode Fighter began the quest for the
                  | Orb.
     0 | D:1      | Reached XP level 1. HP: 16/16 MP: 1/1
   118 | D:1      | Reached XP level 2. HP: 19/21 MP: 2/2
   467 | D:1      | Reached XP level 3. HP: 24/26 MP: 3/3
  1279 | D:2      | Reached XP level 4. HP: 31/31 MP: 4/4
  1867 | D:2      | Found a radiant altar of Vehumet.
  2220 | D:3      | Reached skill level 5 in Long Blades
  2222 | D:3      | Reached XP level 5. HP: 36/36 MP: 5/5
  2728 | D:4      | Found a shadowy altar of Dithmenos.
  2794 | D:4      | Reached XP level 6. HP: 21/42 MP: 6/6
  3090 | D:4      | Found a hide-covered altar of Uskayaw.
  3635 | D:4      | Found a staircase to the Ecumenical Temple.
  3643 | Temple   | Entered the Ecumenical Temple
  3780 | Temple   | Became a worshipper of Cheibriados the Contemplative
  4102 | D:5      | Entered Level 5 of the Dungeon
  4200 | D:5      | Noticed Grinder
  4234 | D:5      | Reached XP level 7. HP: 13/46 MP: 7/7
  4238 | D:5      | Killed Grinder
  4288 | D:5      | Noticed Duvessa
  4570 | D:5      | Noticed Dowan
  4578 | D:5      | Killed Duvessa
  4584 | D:5      | Killed Dowan
  4584 | D:5      | Reached * piety under Cheibriados
  4644 | D:5      | Noticed Blork the orc
  4650 | D:5      | Reached XP level 8. HP: 54/54 MP: 8/8
  4664 | D:5      | Mangled by Blork the orc

Levels and vault maps discovered:
D:1:      lemuel_arrival_funnel, layout_basic, minmay_pentomino_v2
D:2:      layout_rooms, lemuel_coloured_pillars_altar
D:3:      layout_loops_ring
D:4:      wad_woods_stonehenge, layout_basic, minmay_temple_entry_glassed_door,
          first_ration, nicolae_dithmenos_shadow_blocks
D:5:      layout_basic, uniq_blork_the_orc, uniq_duvessa, uniq_ijyb,
          uniq_grinder
Temple:   nicolae_temple_the_god_donut

Skill      XL: |  1  2  3  4  5  6  7 |
---------------+----------------------+-----
Long Blades    | 3 4 5 6 |  6.7
Dodging        | 4 6 |  6.0
Fighting       | |  3.9
Shields        | |  3.0

Action                   |  1- 3 |  4- 6 |  7- 9 || total
-------------------------+-------+-------+-------++-------
Melee: Long sword        |    63 |   132 |    26 ||   221
       Constrict         |    19 |    39 |     7 ||    65
       Tentacles         |    16 |    32 |     8 ||    56
Throw: Stone             |       |       |     1 ||     1
Evoke: Wand              |       |     2 |     2 ||     4
  Use: Scroll            |       |     8 |       ||     8
       Potion            |       |     3 |     1 ||     4
 Stab: Sleeping          |     6 |     4 |       ||    10
  Eat: Chunk             |     1 |     7 |     1 ||     9
       Ration            |       |     1 |       ||     1
Armor: Skin              |     6 |    12 |       ||    18
Dodge: Dodged            |    28 |    64 |    14 ||   106
Block: Shield            |    20 |    63 |    10 ||    93
       Rpst.: Long sword |     8 |    15 |     2 ||    25

Table legend:
 A = Non-vault XP
 B = Vault XP
 C = Vault XP percentage of total XP
 D = Non-vault monster count
 E = Vault monster count
 F = Vault count percentage of total count
                 A         B        C        D         E       F
            +---------+---------+-------+---------+---------+-------
      Total |     723 |     491 |  40.4 |     109 |      10 |   8.4
            +---------+---------+-------+---------+---------+-------
        D:1 |      38 |       4 |   9.5 |      17 |       2 |  10.5
        D:2 |      84 |       0 |   0.0 |      31 |       0 |   0.0
        D:3 |      82 |       0 |   0.0 |      32 |       0 |   0.0
        D:4 |     312 |      11 |   3.4 |      13 |       5 |  27.8
        D:5 |     207 |     476 |  69.7 |      16 |       3 |  15.8
            +---------+---------+-------+---------+---------+-------
